 Dungeon Crawl Stone Soup version 0.29.1-15-g9cfb28693d (webtiles) character file.

Game seed: 12963232795574679906

107 boopmooplesden the Twirler (level 4, -1/37 HPs)
             Began as a Minotaur Gladiator on Mar 21, 2023.
             Killed by nerve-wracking pain
             ... invoked by Grinder
              (8 damage)
             ... on level 3 of the Dungeon.
             The game lasted 00:02:08 (2186 turns).

boopmooplesden the Twirler (Minotaur Gladiator)     Turns: 2186, Time: 00:02:10

Health: -1/37      AC:  8    Str: 20    XL:     4   Next: 56%
Magic:  3/3        EV:  5    Int:  5    God:
Gold:   92         SH:  0    Dex: 12    Spells: 3/3 levels left

rFire   . . .      SeeInvis .   h - +0 lajatang
rCold   . . .      Faith    .   (shield currently unavailable)
rNeg    . . .      Spirit   .   f - +0 chain mail
rPois   .          Reflect  .   c - +0 hat
rElec   .          Harm     .   (no cloak)
rCorr   .          Rampage  .   (no gloves)
Will    .....                   (no boots)
Stlth   ..........              (no amulet)
HPRegen 0.12/turn               (no ring)
MPRegen 0.08/turn               (no ring)

@: constricted
A: horns 2, retaliatory headbutt
a: no special abilities


You were on level 3 of the Dungeon.
You visited 1 branch of the dungeon, and saw 3 of its levels.

You collected 92 gold pieces.

Inventory:

Hand Weapons
 a - a +0 quarterstaff
 h - a +0 lajatang (weapon)
Missiles
 d - 3 throwing nets (quivered)
 e - a javelin
 l - 3 boomerangs of dispersal
Armour
 b - a +0 leather armour
 c - a +0 hat (worn)
 f - a +0 chain mail (worn)
Scrolls
 i - 2 scrolls of identify {unknown}
Potions
 g - 2 potions of curing {unknown}
 j - a potion of attraction {unknown}
 k - a potion of lignification {unknown}


   Skills:
 + Level 2.8 Fighting
 + Level 5.2 Staves
 + Level 2.1 Throwing
 + Level 1.5 Armour
 + Level 4.1 Dodging
 + Level 0.3 Stealth


You had 3 spell levels left.
You didn't know any spells.
Your spell library contained the following spells:

 Spells                   Type           Power      Damage    Failure   Level
 Sandblast                Erth           0%         2d4       99%         1
 Sting                    Tmut/Pois      0%         1d3       99%         1
 Passwall                 Tmut/Erth      0%         N/A       100%        2
 Poisonous Vapours        Pois/Air       0%         N/A       100%        2
 Stone Arrow              Conj/Erth      0%         3d7       100%        3
 Olgreb's Toxic Radiance  Pois           0%         N/A       100%        4


Dungeon Overview and Level Annotations

Branches:
Dungeon (3/15)

Altars:

Annotations:
D:3 Grinder


Innate Abilities, Weirdness & Mutations

You have a pair of horns on your head.
You reflexively headbutt those who attack you in melee.


Message History

The ball python bites you but does no damage.
The ball python constricts you. Grinder barely misses you.
The ball python barely misses you. You furiously retaliate!
You headbutt the ball python, but do no damage.
The ball python constricts you.
You closely miss Grinder. You headbutt Grinder!
Grinder is moderately wounded.
Grinder hits you!
You writhe in agony.
The ball python bites you but does no damage.
The ball python constricts you.
You hit Grinder.
Grinder is heavily wounded.
Grinder hits you but does no damage. The ball python bites you.
The ball python constricts you.
You barely miss Grinder.
Grinder is moderately wounded.
The ball python bites you but does no damage.
The ball python constricts you. Grinder gestures at you.
You barely resist.
The ball python bites you but does no damage.
The ball python constricts you.
You closely miss Grinder.
Grinder is moderately wounded.
Grinder hits you but does no damage.
The ball python bites you but does no damage.
The ball python constricts you. Grinder hits you but does no damage.
You hit Grinder.
Grinder is heavily wounded.
The ball python bites you but does no damage.
The ball python constricts you. Grinder hits you.
* * * LOW HITPOINT WARNING * * *
You closely miss Grinder. Your headbutt misses Grinder.
Grinder is heavily wounded.
The ball python bites you but does no damage.
The ball python constricts you.
* * * LOW HITPOINT WARNING * * *
Grinder gestures at you. Pain shoots through your body!
You die...

......#
#.#...........# #.#
.>.....
.............### #.#
###.##.
....####..###.# ..#
#.# . .... #..# #.#
.## #..# #.# ##.
#..# #.#
....###..###.# #
......S...##.###.#
..##5@...#.....###
#..................#
#.###.....#.###.##.#
##...##.# # ##.###.#
#.# #.# #.# #.# #.#
#.# #. #..


You could see Grinder and a ball python.

Vanquished Creatures
  Jessica (D:3)
  Robin (D:3)
  An adder (D:2)
  A dart slug (D:1)
  5 endoplasms
  3 giant cockroaches
  10 goblins
  6 hobgoblins
  2 jackals (D:3)
  3 kobolds
  3 quokkas
  4 ball pythons
  3 bats
  4 frilled lizards
  6 rats
53 creatures vanquished.

Notes
Turn   | Place    | Note
-------+----------+-------------------------------------------
     0 | D:1      | boopmooplesden the Minotaur Gladiator began the quest for
                  | the Orb.
     0 | D:1      | Reached XP level 1. HP: 18/18 MP: 0/0
   184 | D:1      | Reached XP level 2. HP: 25/25 MP: 1/1
   213 | D:1      | Reached skill level 4 in Staves
   728 | D:1      | Found a faded altar of an unknown god.
  1079 | D:2      | Reached XP level 3. HP: 30/30 MP: 2/2
  1686 | D:3      | Noticed Robin
  1693 | D:3      | Killed Robin
  1702 | D:3      | Reached XP level 4. HP: 23/37 MP: 3/3
  1703 | D:3      | Reached skill level 1 in Armour
  2078 | D:3      | Noticed Jessica
  2081 | D:3      | Killed Jessica
  2082 | D:3      | Reached skill level 5 in Staves
  2175 | D:3      | Noticed Grinder
  2186 | D:3      | Killed from afar by Grinder

Illustrated notes

Levels and vault maps discovered:
D:1:      giann_horns, layout_loops_ring, shapermc_ecumenical_altar_acropolis
D:2:      layout_loops_ring, kennysheep_generic_room_4
D:3:      layout_loops_ring, uniq_jessica, uniq_robin, uniq_grinder

Skill      XL: |  1  2  3  4 |
---------------+-------------+-----
Staves         | 4 5 |  5.2
Dodging        | 4 |  4.1
Armour         | 1 |  1.5
Fighting       | |  2.8
Throwing       | |  2.1
Stealth        | |  0.3

Action                   |  1- 3 |  4- 6 || total
-------------------------+-------+-------++-------
Melee: Quarterstaff      |    70 |       ||    70
       Headbutt          |    11 |     5 ||    16
       Lajatang          |    15 |    39 ||    54
  Use: Scroll            |     4 |       ||     4
Armor: Chain mail        |    50 |    28 ||    78
Dodge: Dodged            |    45 |    11 ||    56
